 Dungeon Crawl Stone Soup version 0.21-a0-401-g0b6bec4 (webtiles) character file.

2272 tidbits the Magician (level 9, 69/69 HPs)
             Began as a Gnoll Skald on Oct 22, 2017.
             Quit the game on level 6 of the Dungeon.
             The game lasted 00:16:49 (1986 turns).

tidbits the Magician (Gnoll Skald)                  Turns: 1986, Time: 00:16:50

Health: 69/69      AC: 10    Str: 15    XL:     9   Next: 38%
Magic:  18/18      EV: 14    Int: 18    God:
Gold:   203        SH:  0    Dex: 14    Spells: 10/21 levels left

rFire    . . .     SeeInvis .   k - +0 whip (elec)
rCold    . . .     Gourm    .   (no shield)
rNeg     . . .     Faith    .   B - +0 ring mail
rPois    +         Spirit   .   E - +0 helmet
rElec    .         Reflect  .   (no cloak)
rCorr    .         Harm     .   (no gloves)
MR       .....                  F - +0 pair of boots
Stlth    +++.......             u - amulet of regeneration
HPRegen  0.61/turn              W - ring of wizardry
MPRegen  0.16/turn              x - ring of stealth

@: no status effects
A: distributed training, fangs 1, yellow scales 1, blurry vision 1, poison
resistance, strong nose
a: no special abilities


You were on level 6 of the Dungeon.
You were hungry.

You visited 1 branch of the dungeon, and saw 8 of its levels.

You collected 203 gold pieces.

Inventory:

Hand Weapons
 a - a +0 hand axe
 k - a +0 whip of electrocution (weapon)
   (You took it off Pikel on level 6 of the Dungeon)
 l - a +2 dagger of venom
   (You took it off a kobold on level 2 of the Dungeon)
 o - a +0 hunting sling
 G - a +0 blowgun
Missiles
 f - 48 sling bullets
 n - 64 stones
 s - 104 arrows
 v - 3 tomahawks (quivered)
 w - 4 curare-tipped needles
Armour
 b - a +0 leather armour
 q - a +2 animal skin
 r - a +2 robe of cold resistance
   (You took it off Pikel on level 6 of the Dungeon)
 B - a +0 ring mail (worn)
 E - a +0 helmet (worn)
 F - a +0 pair of boots (worn)
Jewellery
 h - an uncursed ring of positive energy
   (You found it on level 2 of the Dungeon)
 u - an amulet of regeneration (around neck)
   (You found it on level 4 of the Dungeon)
 x - a ring of stealth (right hand)
   (You found it on level 5 of the Dungeon)
 H - a +3 ring of strength {unknown}
   (You found it on level 6 of the Dungeon)
 W - a ring of wizardry (left hand)
   (You found it on level 6 of the Dungeon)
Wands
 J - a wand of iceblast (11/15)
Scrolls
 g - 2 scrolls of blinking {unknown}
 i - a scroll of remove curse {unknown}
 j - 4 scrolls of teleportation {unknown}
 m - 3 scrolls of identify {unknown}
 p - 2 scrolls of recharging {unknown}
 y - a scroll of amnesia {unknown}
 D - 2 scrolls of magic mapping {unknown}
 I - a scroll of enchant weapon {unknown}
Potions
 e - 2 potions of mutation {!q}
 t - a potion of curing {unknown}
 z - a potion of magic {unknown}
 A - a potion of flight {unknown}
 C - a potion of brilliance {unknown}
Books
 c - a book of Battle

   Spells                             Type                      Level
   a - Infusion                       Charms                       1
   b - Shroud of Golubria             Charms/Translocation         2
   c - Song of Slaying                Charms                       2
   d - Spectral Weapon                Hexes/Charms                 3
   e - Regeneration                   Charms/Necromancy            3
Comestibles
 d - 5 bread rations


   Skills:
 + Level 6.2 Fighting
 + Level 4.1 Short Blades
 + Level 4.1 Long Blades
 + Level 6.2 Axes
 + Level 4.1 Maces & Flails
 + Level 4.1 Polearms
 + Level 4.1 Staves
 + Level 4.1 Slings
 + Level 4.1 Bows
 + Level 4.1 Crossbows
 + Level 4.1 Throwing
 + Level 4.9 Armour
 + Level 6.2 Dodging
 + Level 4.1 Stealth
 + Level 4.1 Shields
 + Level 4.1 Unarmed Combat
 + Level 6.5 Spellcasting
 + Level 3.4 Conjurations
 + Level 3.4 Hexes
 + Level 6.5 Charms
 + Level 3.4 Summonings
 + Level 3.4 Necromancy
 + Level 3.4 Translocations
 + Level 3.4 Transmutations
 + Level 3.4 Fire Magic
 + Level 3.4 Ice Magic
 + Level 3.4 Air Magic
 + Level 3.4 Earth Magic
 + Level 3.4 Poison Magic
 + Level 4.5 Invocations
 + Level 4.1 Evocations


You had 10 spell levels left.
You knew the following spells:

 Your Spells              Type           Power        Failure   Level  Hunger
g - Shroud of Golubria    Chrm/Tloc      ###.......   1%          2    None
i - Infusion              Chrm           ####         1%          1    None
r - Regeneration          Chrm/Necr      ###.......   3%          3    ##.....
w - Spectral Weapon       Hex/Chrm       ###.....     3%          3    ##.....
y - Song of Slaying       Chrm           ####....     1%          2    None


Dungeon Overview and Level Annotations

Branches:
Dungeon (8/15)
 Temple: D:4-7         Lair: D:8-11

Altars:
Hepliaklqana
Sif Muna


Innate Abilities, Weirdness & Mutations

Your experience applies equally to all skills.
You have very sharp teeth.
Your uncanny sense of smell can sniff out nearby items.
You are partially covered in yellow scales. (AC +2)
Scrolls take you a little longer to read.
Your system is resistant to poisons. (rPois)


Message History

You see here an arrow.
The centaur unwields an uncursed shortbow.
The centaur barely misses you.
You hit the howler monkey skeleton.
The howler monkey skeleton is lightly damaged.
Your spectral weapon hits the howler monkey skeleton.
Lightning courses through the howler monkey skeleton!
The howler monkey skeleton hits you but does no damage.
The centaur hits you but does no damage.
You hit the howler monkey skeleton.
You destroy the howler monkey skeleton!
The centaur hits you but does no damage.
You hit the centaur. You bite the centaur.
The centaur is lightly wounded.
The centaur barely misses you.
The centaur hits you but does no damage.
Your spectral weapon hits the centaur but does no damage.
You hit the centaur.
The centaur is moderately wounded.
Your spectral weapon closely misses the centaur.
The centaur hits you but does no damage.
You barely miss the centaur. Your bite misses the centaur.
The centaur is moderately wounded.
Your spectral weapon hits the centaur but does no damage.
The centaur hits you.
You hit the centaur. You punch the centaur.
The centaur is severely wounded.
Your spectral weapon hits the centaur.
The centaur hits you.
* * * LOW HITPOINT WARNING * * *
The centaur closely misses you.
You hit the centaur but do no damage. Lightning courses through the centaur!
You kill the centaur!
Things that are here:
an uncursed shortbow; 12 arrows; a centaur corpse
s - 104 arrows (gained 12)
You butcher the centaur corpse.
Things that are here:
an uncursed shortbow; 6 chunks of flesh Eat one of 6 chunks of flesh? (ye/n/q)
You eat one of the 6 chunks of flesh.
This raw flesh tastes terrible.
Found a bread ration.
You see here a bread ration.
d - 5 bread rations (gained 1)
Your spectral weapon fades away.
Found a scroll labeled OCIZAV SAMUDGHEIL and a runed gold wand.
You see here a scroll labeled OCIZAV SAMUDGHEIL.
I - a scroll labeled OCIZAV SAMUDGHEIL You see here a wand of iceblast (?/15).
J - a wand of iceblast (?/15)
A hound comes into view.
The hound barks!
Casting: Spectral Weapon
Confirm with . or Enter, or press ? or * to list all spells.
You draw out your weapon's spirit!
The hound misses you.
You closely miss the hound. You bite the hound, but do no damage.
Your spectral weapon hits the hound.
The hound bites you but does no damage.
You closely miss the hound. Your bite misses the hound.
The hound is lightly wounded.
Your spectral weapon barely misses the hound.
The hound barely misses you.
You hit the hound.
The hound is moderately wounded.
Your spectral weapon closely misses the hound.
The hound bites you but does no damage. The hound barely misses you.
You hit the hound but do no damage.
The hound is moderately wounded.
Your spectral weapon hits the hound.
Lightning courses through the hound!
You kill the hound!
Found a scroll labeled DAPLOAMOFU.
Menkaure, Prince of Dust comes into view.
Menkaure shouts!
Menkaure calls on the powers of darkness!
Your body is wracked with pain!
Menkaure mumbles some strange words.
Menkaure seems to speed up.
You hit Menkaure.
Menkaure is lightly damaged.
Your spectral weapon hits Menkaure.
Menkaure misses you.
You barely miss Menkaure.
Menkaure is moderately damaged.
Your spectral weapon hits Menkaure but does no damage.
Menkaure barely misses you.
You hit Menkaure. Lightning courses through Menkaure!
Menkaure is severely damaged.
Your spectral weapon hits Menkaure!
Lightning courses through Menkaure!
You destroy Menkaure!
Found an escape hatch in the ceiling.
You see here a scroll labeled DAPLOAMOFU.
m - 3 scrolls labeled DAPLOAMOFU (gained 1)
Casting: Spectral Weapon
Confirm with . or Enter, or press ? or * to list all spells.
Your skin crawls.
Your spectral weapon fades away.
Your skin is crawling a little less now.
Your skin stops crawling.
You are feeling hungry.
Found a robe.
You see here a robe.
The orc warrior shouts!
You hear a shout!
Are you sure you want to abandon this character and quit the game? (Confirm with "yes".)

#.# #.# # #.#
#o#o# #.#
#o.. #.# #.#
########.#
#........#
#@########
#.# #.# #.#
#.# #o#
#############
#.#
#.....<.o...o
#.#
#.######.##.#
#.##.#


You could see an orc warrior.

Vanquished Creatures
  Pikel (D:6)
  Menkaure (D:6)
  A water moccasin (D:5)
  3 ice beasts
  A slave (D:6)
  A sky beast (D:6)
  2 ogres
  2 centaurs (D:6)
  2 big kobolds (D:7)
  2 bullfrogs (D:7)
  A scorpion (D:7)
  2 jellies
  2 orc priests
  3 hounds
  2 centaur skeletons
  2 orc wizards
  4 worker ants
  Robin (D:2)
  A gnoll (D:1)
  A howler monkey skeleton (D:6)
  4 adders
  A shadow imp (D:5)
  An ooze (D:5)
  2 worms
  4 leopard geckos
  11 orcs
  4 bats
  7 giant cockroaches
  10 goblins (D:2)
  6 hobgoblins
  6 jackals
  3 quokkas
  3 frilled lizards
  A jackal skeleton (D:6)
  15 kobolds
  A leopard gecko zombie (D:5)
  A quokka skeleton (D:5)
  4 rats
119 creatures vanquished.

Vanquished Creatures (others)
  2 slaves (D:6)
  A centaur (D:6)
  A bullfrog (D:6)
  A bullfrog skeleton (D:6)
  A killer bee zombie (D:6)
  A spectral weapon (D:7)
7 creatures vanquished.

Grand Total: 126 creatures vanquished

Notes
Turn   | Place    | Note
-------+----------+-------------------------------------------
     0 | D:1      | tidbits the Gnoll Skald began the quest for the Orb.
     0 | D:1      | Reached XP level 1. HP: 20/20 MP: 6/6
    58 | D:1      | Reached XP level 2. HP: 12/26 MP: 0/7
    69 | D:1      | Learned a level 2 spell: Song of Slaying
    72 | D:1      | Learned a level 2 spell: Shroud of Golubria
   161 | D:1      | Reached XP level 3. HP: 11/31 MP: 1/9
   166 | D:1      | Learned a level 3 spell: Regeneration
   170 | D:1      | Learned a level 3 spell: Spectral Weapon
   219 | D:1      | Reached skill level 5 in Spellcasting
   560 | D:2      | Reached skill level 1 in Invocations
   716 | D:2      | Noticed Robin
   716 | D:2      | Reached skill level 1 in Short Blades
   716 | D:2      | Reached skill level 1 in Long Blades
   716 | D:2      | Reached skill level 1 in Maces & Flails
   716 | D:2      | Reached skill level 1 in Polearms
   716 | D:2      | Reached skill level 1 in Staves
   716 | D:2      | Reached skill level 1 in Slings
   716 | D:2      | Reached skill level 1 in Bows
   716 | D:2      | Reached skill level 1 in Crossbows
   716 | D:2      | Reached skill level 1 in Throwing
   716 | D:2      | Reached skill level 1 in Stealth
   716 | D:2      | Reached skill level 1 in Shields
   716 | D:2      | Reached skill level 1 in Unarmed Combat
   716 | D:2      | Reached skill level 1 in Evocations
   722 | D:2      | Reached XP level 4. HP: 38/38 MP: 6/11
   731 | D:2      | Killed Robin
   784 | D:4      | Noticed an ogre
   790 | D:4      | Reached skill level 1 in Conjurations
   790 | D:4      | Reached skill level 1 in Hexes
   790 | D:4      | Reached skill level 1 in Summonings
   790 | D:4      | Reached skill level 1 in Necromancy
   790 | D:4      | Reached skill level 1 in Translocations
   790 | D:4      | Reached skill level 1 in Transmutations
   790 | D:4      | Reached skill level 1 in Fire Magic
   790 | D:4      | Reached skill level 1 in Ice Magic
   790 | D:4      | Reached skill level 1 in Air Magic
   790 | D:4      | Reached skill level 1 in Earth Magic
   790 | D:4      | Reached skill level 1 in Poison Magic
   794 | D:4      | Killed an ogre
   794 | D:4      | Reached skill level 3 in Armour
   794 | D:4      | Reached XP level 5. HP: 11/43 MP: 4/12
   794 | D:4      | Reached XP level 6. HP: 13/50 MP: 4/13
   802 | D:4      | Reached skill level 2 in Invocations
   904 | D:5      | Entered Level 5 of the Dungeon
  1154 | D:4      | Reached skill level 5 in Fighting
  1154 | D:4      | Reached skill level 5 in Axes
  1154 | D:4      | Reached skill level 5 in Dodging
  1191 | D:5      | Noticed a water moccasin
  1219 | D:6      | Noticed an orc warrior
  1246 | D:5      | Reached skill level 2 in Short Blades
  1246 | D:5      | Reached skill level 2 in Long Blades
  1246 | D:5      | Reached skill level 2 in Maces & Flails
  1246 | D:5      | Reached skill level 2 in Polearms
  1246 | D:5      | Reached skill level 2 in Staves
  1246 | D:5      | Reached skill level 2 in Slings
  1246 | D:5      | Reached skill level 2 in Bows
  1246 | D:5      | Reached skill level 2 in Crossbows
  1246 | D:5      | Reached skill level 2 in Throwing
  1246 | D:5      | Reached skill level 2 in Stealth
  1246 | D:5      | Reached skill level 2 in Shields
  1246 | D:5      | Reached skill level 2 in Unarmed Combat
  1246 | D:5      | Reached skill level 2 in Evocations
  1272 | D:5      | Killed a water moccasin
  1272 | D:5      | Reached XP level 7. HP: 28/56 MP: 11/15
  1402 | D:6      | Noticed Pikel
  1414 | D:6      | Reached skill level 2 in Conjurations
  1414 | D:6      | Reached skill level 2 in Hexes
  1414 | D:6      | Reached skill level 2 in Summonings
  1414 | D:6      | Reached skill level 2 in Necromancy
  1414 | D:6      | Reached skill level 2 in Translocations
  1414 | D:6      | Reached skill level 2 in Transmutations
  1414 | D:6      | Reached skill level 2 in Fire Magic
  1414 | D:6      | Reached skill level 2 in Ice Magic
  1414 | D:6      | Reached skill level 2 in Air Magic
  1414 | D:6      | Reached skill level 2 in Earth Magic
  1414 | D:6      | Reached skill level 2 in Poison Magic
  1420 | D:6      | Gained mutation: Your system is resistant to poisons. (rPois) [potion of mutation]
  1420 | D:6      | Gained mutation: Scrolls take you a little longer to read. [potion of mutation]
  1420 | D:6      | Gained mutation: You are partially covered in yellow scales. (AC +2) [potion of mutation]
  1421 | D:6      | HP: 3/56 [centaur (4)]
  1431 | D:6      | HP: 5/56 [Pikel/whip of electrocution (1)]
  1432 | D:6      | Killed Pikel
  1432 | D:6      | Reached skill level 3 in Short Blades
  1432 | D:6      | Reached skill level 3 in Long Blades
  1432 | D:6      | Reached skill level 3 in Maces & Flails
  1432 | D:6      | Reached skill level 3 in Polearms
  1432 | D:6      | Reached skill level 3 in Staves
  1432 | D:6      | Reached skill level 3 in Slings
  1432 | D:6      | Reached skill level 3 in Bows
  1432 | D:6      | Reached skill level 3 in Crossbows
  1432 | D:6      | Reached skill level 3 in Throwing
  1432 | D:6      | Reached skill level 4 in Armour
  1432 | D:6      | Reached skill level 3 in Stealth
  1432 | D:6      | Reached skill level 3 in Shields
  1432 | D:6      | Reached skill level 3 in Unarmed Combat
  1432 | D:6      | Reached skill level 6 in Charms
  1432 | D:6      | Reached skill level 3 in Invocations
  1432 | D:6      | Reached skill level 3 in Evocations
  1432 | D:6      | Reached XP level 8. HP: 6/63 MP: 12/16
  1465 | D:6      | Reached skill level 6 in Spellcasting
  1535 | D:7      | Found a hazy altar of Hepliaklqana.
  1728 | D:7      | Reached skill level 4 in Invocations
  1748 | D:7      | Found a deep blue altar of Sif Muna.
  1753 | D:7      | Reached skill level 3 in Conjurations
  1753 | D:7      | Reached skill level 3 in Hexes
  1753 | D:7      | Reached skill level 3 in Summonings
  1753 | D:7      | Reached skill level 3 in Necromancy
  1753 | D:7      | Reached skill level 3 in Translocations
  1753 | D:7      | Reached skill level 3 in Transmutations
  1753 | D:7      | Reached skill level 3 in Fire Magic
  1753 | D:7      | Reached skill level 3 in Ice Magic
  1753 | D:7      | Reached skill level 3 in Air Magic
  1753 | D:7      | Reached skill level 3 in Earth Magic
  1753 | D:7      | Reached skill level 3 in Poison Magic
  1767 | D:7      | Reached XP level 9. HP: 66/69 MP: 11/18
  1774 | D:7      | Reached skill level 6 in Fighting
  1774 | D:7      | Reached skill level 6 in Axes
  1774 | D:7      | Reached skill level 6 in Dodging
  1841 | D:6      | Reached skill level 4 in Short Blades
  1841 | D:6      | Reached skill level 4 in Long Blades
  1841 | D:6      | Reached skill level 4 in Maces & Flails
  1841 | D:6      | Reached skill level 4 in Polearms
  1841 | D:6      | Reached skill level 4 in Staves
  1841 | D:6      | Reached skill level 4 in Slings
  1841 | D:6      | Reached skill level 4 in Bows
  1841 | D:6      | Reached skill level 4 in Crossbows
  1841 | D:6      | Reached skill level 4 in Throwing
  1841 | D:6      | Reached skill level 4 in Stealth
  1841 | D:6      | Reached skill level 4 in Shields
  1841 | D:6      | Reached skill level 4 in Unarmed Combat
  1841 | D:6      | Reached skill level 4 in Evocations
  1916 | D:6      | Noticed Menkaure
  1922 | D:6      | Killed Menkaure
  1986 | D:6      | Quit the game

Vault maps used:
D:1:      tarquinn_simple_flora_water_d, st_stairs_11, minmay_tripent
D:2:      bloody_makhleb, serial_bayou_lake_a, uniq_robin
D:3:      lemuel_round_altar, minmay_hedge_maze, uniq_ijyb, uniq_jessica
D:4:      minitemple, temple_hall, elyvilon_altar_3
D:5:      first_bread
D:6:      grunt_temple_overflow_holy_war, uniq_menkaure, uniq_pikel
D:7:      kennysheep_mini, basic_altar
D:8:      nicolae_overflow_crystal_walls, serial_shops, nicolae_shop_crystal,
          hangedman_pestilent_swarm, st_stairs_12

Skill      XL: |  1  2  3  4  5  6  7  8  9 |
---------------+----------------------------+-----
Spellcasting   | 5 6 |  6.5
Invocations    | 1 2 3 4 |  4.5
Short Blades   | 1 2 3 4 |  4.1
Long Blades    | 1 2 3 4 |  4.1
Maces & Flails | 1 2 3 4 |  4.1
Polearms       | 1 2 3 4 |  4.1
Staves         | 1 2 3 4 |  4.1
Slings         | 1 2 3 4 |  4.1
Bows           | 1 2 3 4 |  4.1
Crossbows      | 1 2 3 4 |  4.1
Throwing       | 1 2 3 4 |  4.1
Stealth        | 1 2 3 4 |  4.1
Shields        | 1 2 3 4 |  4.1
Unarmed Combat | 1 2 3 4 |  4.1
Evocations     | 1 2 3 4 |  4.1
Conjurations   | 1 2 3 |  3.4
Hexes          | 1 2 3 |  3.4
Summonings     | 1 2 3 |  3.4
Necromancy     | 1 2 3 |  3.4
Translocations | 1 2 3 |  3.4
Transmutations | 1 2 3 |  3.4
Fire Magic     | 1 2 3 |  3.4
Ice Magic      | 1 2 3 |  3.4
Air Magic      | 1 2 3 |  3.4
Earth Magic    | 1 2 3 |  3.4
Poison Magic   | 1 2 3 |  3.4
Armour         | 3 4 |  4.9
Fighting       | 5 6 |  6.2
Axes           | 5 6 |  6.2
Dodging        | 5 6 |  6.2
Charms         | 6 |  6.5

Action                   |  1- 3 |  4- 6 |  7- 9 || total
-------------------------+-------+-------+-------++-------
Melee: Hand axe          |    88 |    81 |    65 ||   234
       Bite              |     7 |     2 |    21 ||    30
       Punch             |     1 |       |     1 ||     2
       Whip              |       |       |    61 ||    61
 Cast: Infusion          |     4 |       |       ||     4
       Spectral Weapon   |     9 |    12 |    18 ||    39
       Regeneration      |     1 |     1 |     9 ||    11
       Shroud of Golubri |     1 |       |     1 ||     2
       Song of Slaying   |       |     2 |     2 ||     4
  Use: Potion            |       |       |     3 ||     3
 Stab: Distracted        |       |     2 |     1 ||     3
       Sleeping          |       |       |     1 ||     1
  Eat: Chunk             |       |     3 |     4 ||     7
Armor: Leather armour    |     8 |       |       ||     8
       Ring mail         |    13 |    25 |    62 ||   100
Dodge: Dodged            |    78 |    64 |   123 ||   265

Table legend:
 A = Spawn XP
 B = Non-spawn XP
 C = Spawn XP percentage of total XP
 D = Spawn monster count
 E = Non-spawn monster count
 F = Spawn count percentage of total count
 G = Total turns spent on level
                    A         B        C        D         E        F      G
               +---------+---------+-------+---------+---------+-------+---------
         Total |       0 |    3246 |   0.0 |       0 |     118 |   0.0 |  1986
               +---------+---------+-------+---------+---------+-------+---------
           D:1 |       0 |      42 |   0.0 |       0 |      17 |   0.0 |   387
           D:2 |       0 |      64 |   0.0 |       0 |      27 |   0.0 |   310
           D:3 |       0 |       9 |   0.0 |       0 |       5 |   0.0 |   134
           D:4 |       0 |     287 |   0.0 |       0 |      18 |   0.0 |   200
           D:5 |       0 |     401 |   0.0 |       0 |      11 |   0.0 |   314
           D:6 |       0 |    1473 |   0.0 |       0 |      13 |   0.0 |   352
           D:7 |       0 |     969 |   0.0 |       0 |      26 |   0.0 |   286
           D:8 |       0 |       1 |   0.0 |       0 |       1 |   0.0 |     3
               +---------+---------+-------+---------+---------+-------+---------

Table legend:
 A = Turns spent in this place as a percentage of turns spent in the entire game.
 B = Non-inter-level travel turns spent in this place as a percentage of non-inter-level travel turns spent in the entire game.
 C = Inter-level travel turns spent in this place as a percentage of turns spent in this place.
 D = Turns resting spent in this place as a percentage of non-inter-level travel turns spent in this place.
 E = Turns spent auto-exploring this place as a percentage of non-inter-level travel turns spent in this place.
 F = Non-inter-level travel turns spent in this place divided by the number of levels of this place that you've seen.
                   A       B       C       D       E      F
               +-------+-------+-------+-------+-------+----------------------
         Total | 100.0 | 100.0 |   2.8 |   0.0 |   0.0 | 241.4
       Dungeon | 100.0 | 100.0 |   2.8 |   0.0 |   0.0 | 241.4
               +-------+-------+-------+-------+-------+----------------------

Table legend:
 A = Kills in this place as a percentage of kills in entire the game.
 B = Kills by you in this place as a percentage of kills by you in the entire game.
 C = Kills by friends in this place as a percentage of kills by friends in the entire game.
 D = Other kills in this place as a percentage of other kills in the entire game.
 E = Experience gained in this place as a percentage of experience gained in the entire game.
 F = Experience gained in this place divided by the number of levels of this place that you have seen.
                   A       B       C       D       E      F
               +-------+-------+-------+-------+-------+----------------------
         Total | 100.0 | 100.0 |   N/A |   N/A | 100.0 | 405.8
       Dungeon | 100.0 | 100.0 |   N/A |   N/A | 100.0 | 405.8
               +-------+-------+-------+-------+-------+----------------------

Vault maps used:
D:1:      tarquinn_simple_flora_water_d, st_stairs_11, minmay_tripent
D:2:      bloody_makhleb, serial_bayou_lake_a, uniq_robin
D:3:      lemuel_round_altar, minmay_hedge_maze, uniq_ijyb, uniq_jessica
D:4:      minitemple, temple_hall, elyvilon_altar_3
D:5:      first_bread
D:6:      grunt_temple_overflow_holy_war, uniq_menkaure, uniq_pikel
D:7:      kennysheep_mini, basic_altar
D:8:      nicolae_overflow_crystal_walls, serial_shops, nicolae_shop_crystal,
          hangedman_pestilent_swarm, st_stairs_12
